 Dungeon Crawl Stone Soup version 0.23.2-33-g5129a83184 (webtiles) character file.

Game seed: 16993548333752131995

225 dvd the Magician (level 6, -9/37 HPs)
             Began as an Octopode Wizard on July 7, 2019.
             Was a Believer of Vehumet.
             Mangled by an iguana (12 damage)
             ... on level 4 of the Dungeon.
             The game lasted 00:11:42 (3979 turns).

dvd the Magician (Octopode Wizard)                  Turns: 3979, Time: 00:11:42

Health: -9/37      AC:  1    Str: 13    XL:     6   Next: 1%
Magic:  5/12       EV: 14    Int: 20    God:    Vehumet [**....]
Gold:   97         SH:  0    Dex: 11    Spells: 1/13 levels left

rFire    . . .     SeeInvis .   d - +0 short sword
rCold    . . .     Gourm    .   (no shield)
rNeg     . . .     Faith    .   a - +0 hat
rPois    .         Spirit   .   (no amulet)
rElec    .         Reflect  .   (no ring)
rCorr    .         Harm     .   (no ring)
MR       .....                  (no ring)
Stlth    +++.......             (no ring)
HPRegen  0.12/turn              (no ring)
MPRegen  0.13/turn              (no ring)
                                (no ring)
                                (no ring)

@: mighty, very slightly contaminated
A: almost no armour, stealthy swim, amphibious, 8 rings, constrict 8, camouflage
1, gelatinous body 1
a: Renounce Religion


You were on level 4 of the Dungeon.
You worshipped Vehumet.
Vehumet was pleased with you.
You were hungry.

You visited 1 branch of the dungeon, and saw 4 of its levels.
You also visited: Sewer.

You collected 97 gold pieces.

Inventory:

Hand Weapons
 d - a +0 short sword (weapon)
 i - a +0 mace
 r - a +1 dagger of distortion
 t - a +0 hand axe
Armour
 a - a +0 hat (worn)
Scrolls
 b - 2 scrolls of enchant weapon {unknown}
 e - 6 scrolls of teleportation {unknown}
 f - 3 scrolls of remove curse {unknown}
 h - a scroll of random uselessness {unknown}
 l - 2 scrolls of amnesia {unknown}
 m - 3 scrolls of immolation {unknown}
 o - 3 scrolls of identify {unknown}
 s - a scroll of enchant armour {unknown}
 u - a scroll of fog {unknown}
 w - a scroll of blinking {unknown}
Potions
 g - 4 potions of curing {unknown}
 j - 4 potions of might
 k - 3 potions of mutation {unknown}
 n - a potion of berserk rage {unknown}
 p - a potion of degeneration {unknown}
 v - a potion of brilliance {unknown}
Comestibles
 c - 3 rations


   Skills:
 + Level 0.5 Fighting
 + Level 2.4 Short Blades
 + Level 2.8 Dodging
 + Level 3.3 Stealth
 + Level 4.0 Spellcasting
 + Level 2.3 Conjurations
 + Level 0.3 Hexes
 + Level 1.1 Summonings
 + Level 1.0 Translocations
 + Level 0.9 Air Magic
 + Level 0.5 Poison Magic


You had one spell level left.
You knew the following spells:

 Your Spells              Type           Power        Failure   Level  Hunger
a - Magic Dart            Conj           ##..         4%          1    None
b - Call Imp              Summ           #.......     12%         2    #......
c - Blink                 Tloc           N/A          13%         2    #......
d - Mephitic Cloud        Conj/Pois/Air  #.......     22%         3    ###....
e - Slow                  Hex            #.......     17%         2    #......
f - Sting                 Conj/Pois      #...         7%          1    None
g - Shock                 Conj/Air       ##..         6%          1    None

Your spell library contained the following spells:

 Spells                   Type           Power        Failure   Level  Hunger
 Conjure Flame            Conj/Fire      #.......     24%         3    ###....


Dungeon Overview and Level Annotations

Branches:
Dungeon (4/15)
 Temple: D:4-7

Altars:
Elyvilon
Nemelex Xobeh
Trog
Vehumet
Wu Jian
Zin

Annotations:
D:4 Dowan, Duvessa


Innate Abilities, Weirdness & Mutations

You cannot wear most types of armour.
You are very stealthy in the water. (Stealth+)
You are amphibious.
You can wear up to eight rings at the same time.
You can use your tentacles to constrict eight enemies at once.
Your skin changes colour to match your surroundings (Stealth+).
Your rubbery body absorbs attacks. (AC +1, EV +1)


Message History

The ooze is moderately wounded.
The ooze completely misses you.
A scorpion comes into view.
Duvessa and Dowan come into view.
Dowan casts a spell at you. The puff of frost hits you!
* * * LOW HITPOINT WARNING * * *
Dowan casts a spell.
Dowan blinks!
You hit the scorpion but do no damage. You grab the scorpion.
You constrict the scorpion. The ooze closely misses you.
The scorpion barely misses you.
Unknown command.
Okay, then.
Unknown command.
It was a potion of might.
You feel very mighty all of a sudden.
You constrict the scorpion. The ooze closely misses you.
The scorpion closely misses you. The iguana bites you!
You die...

... #. .#
##.##.##.
#...(....
#.......####.##
#.$..#.........
#......<#
##...#).# ##
#lJ#### #.@.e.#
#s###...... #.
##.## #. #. ..
.. ..


You could see Duvessa, a scorpion, an iguana and an ooze.

Vanquished Creatures
  2 orc priests
  An orc wizard (D:3)
  A gnoll (D:1)
  2 adders
  A river rat (Sewer)
  An ooze (D:3)
  2 worms (D:2)
  A dart slug (D:1)
  2 leopard geckos (D:1)
  3 orcs (D:3)
  5 bats
  3 giant cockroaches
  10 goblins
  7 hobgoblins
  4 jackals
  8 kobolds
  3 quokkas
  10 ball pythons
  4 frilled lizards
  13 rats
83 creatures vanquished.

Vanquished Creatures (collateral kills)
  A dart slug (D:1)
  A hobgoblin (D:1)
  2 jackals (D:2)
  3 kobolds (D:2)
  A frilled lizard (D:2)
8 creatures vanquished.

Vanquished Creatures (others)
  5 toadstools (D:1)
5 creatures vanquished.

Grand Total: 96 creatures vanquished

Notes
Turn   | Place    | Note
-------+----------+-------------------------------------------
     0 | D:1      | dvd the Octopode Wizard began the quest for the Orb.
     0 | D:1      | Reached XP level 1. HP: 11/11 MP: 4/4
   228 | D:1      | Reached XP level 2. HP: 13/17 MP: 1/6
   277 | D:1      | Learned a level 2 spell: Call Imp
   373 | D:1      | Learned a level 2 spell: Blink
   714 | D:1      | Reached XP level 3. HP: 21/21 MP: 1/8
  1416 | D:2      | Learned a level 3 spell: Mephitic Cloud
  1472 | D:2      | Found a sparkling altar of Nemelex Xobeh.
  1472 | D:2      | Found a faded altar of an unknown god.
  1478 | D:2      | Found a white marble altar of Elyvilon.
  1480 | D:2      | Found a radiant altar of Vehumet.
  1481 | D:2      | Found an ornate altar of the Wu Jian Council.
  1491 | D:2      | Became a worshipper of Vehumet
  1571 | D:2      | HP: 1/21 [kobold/+0 whip (4)]
  1994 | D:2      | Reached XP level 4. HP: 20/27 MP: 5/9
  2030 | D:2      | Learned a level 2 spell: Slow
  2147 | D:2      | Found a glowing silver altar of Zin.
  2558 | D:2      | Reached * piety under Vehumet
  2558 | D:2      | Offered knowledge of Sting by Vehumet.
  2924 | D:2      | Noticed a moth of wrath
  2927 | D:2      | Found a bloodstained altar of Trog.
  3142 | D:3      | Reached skill level 1 in Short Blades
  3200 | D:3      | Reached XP level 5. HP: 28/31 MP: 1/10
  3239 | D:3      | Found a glowing drain.
  3279 | Sewer    | Entered a sewer
  3567 | Sewer    | Reached skill level 4 in Spellcasting
  3583 | Sewer    | Learned a level 1 spell: Sting
  3671 | D:3      | Reached ** piety under Vehumet
  3746 | D:3      | Offered knowledge of Shock by Vehumet.
  3750 | D:3      | Learned a level 1 spell: Shock
  3972 | D:4      | Reached XP level 6. HP: 15/37 MP: 4/12
  3975 | D:4      | Noticed Duvessa
  3975 | D:4      | Noticed Dowan
  3979 | D:4      | Mangled by an iguana

Skill      XL: |  1  2  3  4  5 |
---------------+----------------+-----
Stealth        | 3 |  3.3
Short Blades   | 1 2 |  2.4
Conjurations   | 2 |  2.3
Spellcasting   | 4 |  4.0
Fighting       | |  0.5
Dodging        | |  2.8
Hexes          | |  0.3
Summonings     | |  1.1
Translocations | |  1.0
Air Magic      | |  0.9
Poison Magic   | |  0.5

Action                   |  1- 3 |  4- 6 || total
-------------------------+-------+-------++-------
Melee: Short sword       |    46 |    78 ||   124
       Constrict         |    13 |    21 ||    34
       Unarmed           |     1 |       ||     1
       Tentacles         |     4 |     7 ||    11
 Cast: Magic Dart        |    57 |    64 ||   121
       Call Imp          |     6 |     4 ||    10
       Mephitic Cloud    |     1 |     5 ||     6
       Slow              |       |     5 ||     5
  Use: Potion            |       |     1 ||     1
 Stab: Sleeping          |     1 |     2 ||     3
  Eat: Chunk             |     3 |     7 ||    10
Armor: Skin              |     8 |     7 ||    15
Dodge: Dodged            |    36 |    66 ||   102
